 Dungeon Crawl Stone Soup version 0.29-a0-911-g88e6f02907 (webtiles) character file.

Game seed: 306632716912887582

69 zeratav the Stinger (level 4, -1/27 HPs)
             Began as an Octopode Venom Mage on July 25, 2022.
             Slain by an endoplasm (3 damage)
             ... on level 3 of the Dungeon.
             The game lasted 00:02:12 (2419 turns).

zeratav the Stinger (Octopode Venom Mage)           Turns: 2419, Time: 00:02:13

Health: -1/27      AC:  1    Str:  7    XL:     4   Next: 20%
Magic:  6/7        EV: 13    Int: 19    God:
Gold:   73         SH:  0    Dex: 12    Spells: 4/7 levels left

rFire   . . .      SeeInvis .   f - +0 dagger {short}
rCold   . . .      Faith    .   (no shield)
rNeg    . . .      Spirit   .   (helmet restricted)
rPois   .          Reflect  .   (no amulet)
rElec   .          Harm     .   (no ring)
rCorr   .          Rampage  .   (no ring)
Will    .....                   (no ring)
Stlth   ++++......              (no ring)
HPRegen 0.09/turn               (no ring)
MPRegen 0.10/turn               (no ring)
                                (no ring)
                                (no ring)

@: no status effects
A: almost no armour, amphibious, 8 rings, camouflage 1, gelatinous body 1,
(nimble swimmer 1), tentacles
a: no special abilities


You were on level 3 of the Dungeon.
You visited 1 branch of the dungeon, and saw 3 of its levels.

You collected 73 gold pieces.


Innate Abilities, Weirdness & Mutations

You cannot wear most types of armour.
You are amphibious.
You can wear up to eight rings at the same time.
Your skin changes colour to match your surroundings (Stealth+).
Your rubbery body absorbs attacks. (AC +1, EV +1)
((You are camouflaged when in or above water. (Stealth+)))
You have tentacles for arms and can constrict up to eight enemies at once.


   Skills:
 - Level 2.0 Dodging
 + Level 4.7 Stealth
 - Level 2.0 Spellcasting
 - Level 1.0 Transmutations
 + Level 4.9 Poison Magic


You had 4 spell levels left.
You knew the following spells:

 Your Spells              Type           Power      Damage    Failure   Level
a - Sting                 Tmut/Pois      52%        1d5       4%          1
b - Poisonous Vapours     Pois/Air       22%        N/A       10%         2

Your spell library contained the following spells:

 Spells                   Type           Power      Damage    Failure   Level
 Olgreb's Toxic Radiance  Pois           20%        N/A       22%         4
 Mephitic Cloud           Conj/Pois/Air  8%         N/A       26%         3

Inventory:

Hand Weapons
 f - a +0 dagger (weapon) {short}
   (You took it off a kobold on level 1 of the Dungeon)
Scrolls
 b - a scroll of teleportation {unknown}
 g - 2 scrolls of identify {unknown}
 j - a scroll of enchant weapon {unknown}
 l - a scroll of torment {unknown}
Potions
 a - a potion of magic
 c - a potion of haste {unknown}
 d - a potion of degeneration {unknown}
 e - a potion of lignification {unknown}
 h - a potion of might {unknown}
 i - a potion of mutation {unknown}
 k - a potion of resistance

Dungeon Overview and Level Annotations

Branches:
Dungeon (3/15) Zot: 15578

Altars:

Annotations:
D:3 Robin

#######
#####.....#
#@Jg......#
#####g....####
#.......##†#
#.#.###....#
#........#.#
#....#..g#.#
#..........#####
#........#g#....
#.#....###gg....


You could see an endoplasm, a hobgoblin and a goblin.


Message History

A quokka and an endoplasm come into view.
The helpless goblin fails to defend itself.
You puncture the goblin!
You kill the goblin!
A hobgoblin and 4 goblins come into view.
Things that are here:
a +0 dagger {short}; a goblin corpse The helpless quokka fails to defend itself.
You puncture the quokka!
You kill the quokka!
Robin, 7 goblins and a kobold come into view.
You see here a quokka corpse.
Casting: Sting (safe; 4% risk of failure)
Confirm with . or Enter, or press ? or * to list all spells.
Aiming: Poisonous Vapours (safe; 10% risk of failure)
Press: ? - help, Dir - move target, f - Robin
Aim: Robin, wielding a +0 dagger, wearing a +2 animal skin and wearing a +0 helmet (asleep) Poisonous vapours surround Robin!
Robin is poisoned.
Robin shouts!
The hobgoblin shouts!
The goblin shouts! x5
Robin throws the goblin at you! The goblin closely misses you.
The goblin shouts! x4
HP[-3] MP[-2]
You take 3 damage, and now have 24/27 hp.
You lost 2 mp, and now have 5/7 mp.
Casting: Poisonous Vapours (safe; 10% risk of failure)
Confirm with . or Enter, or press ? or * to list all spells.
Aiming: Poisonous Vapours (safe; 10% risk of failure)
Press: ? - help, Dir - move target, p - Robin You can't see that place.
You can't see that place.
Okay, then.
Casting: Poisonous Vapours (safe; 10% risk of failure)
Confirm with . or Enter, or press ? or * to list all spells.
Aiming: Poisonous Vapours (safe; 10% risk of failure)
Press: ? - help, Dir - move target, f - Robin
Aim: Robin, wielding a +0 dagger, wearing a +2 animal skin and wearing a +0 helmet (lightly wounded, poisoned) Poisonous vapours surround Robin!
Robin looks even sicker.
The goblin shouts!
The kobold shouts!
Robin roars a battlecry!
The goblins go into a battle-frenzy!
The goblin barely misses you. The goblin hits you with a +0 dagger.
HP[-2] MP[-2]
You take 2 damage, and now have 22/27 hp.
You lost 2 mp, and now have 3/7 mp.
The goblin attacks as you move away! The goblin completely misses you.
The goblin hits you with a +0 club!
Things that are here:
a +0 dagger {short}; a goblin corpse; HP[-7]
You take 7 damage, and now have 15/27 hp.
MASSIVE DAMAGE!! (PAUSE)
The goblin attacks as you move away! The goblin barely misses you.
The goblin closely misses you. The goblin attacks as you move away!
The goblin closely misses you. The goblin attacks as you move away!
The goblin closely misses you. The goblin attacks as you move away!
The goblin barely misses you. The goblin attacks as you move away!
The goblin closely misses you.
MP[+1]
The endoplasm jiggles.
HP[+1]
The goblin no longer looks unusually strong.
The goblin no longer looks unusually strong.
The goblin attacks as you move away! The goblin closely misses you.
The goblin no longer looks unusually strong.
The goblin attacks as you move away! The goblin hits you with a +0 club.
* * * LOW HITPOINT WARNING * * *
You see here a ball python corpse.
HP[-4]
You take 4 damage, and now have 12/27 hp.
MP[+1]
The goblin attacks as you move away! The goblin completely misses you.
The goblin attacks as you move away! The goblin hits you with a +0 club.
* * * LOW HITPOINT WARNING * * *
There is a stone staircase leading up here.
HP[-2]
You take 2 damage, and now have 10/27 hp.
You closely miss the goblin. You grab the goblin. You constrict the goblin.
The goblin hits you with a +0 club.
* * * LOW HITPOINT WARNING * * *
HP[-2]
You take 2 damage, and now have 8/27 hp.
You hit the goblin. You tentacle-slap the goblin.
You kill the goblin!
You closely miss the goblin. You grab the goblin. You constrict the goblin.
The goblin barely misses you.
You hit the goblin. Your squeeze misses the goblin. You constrict the goblin.
You kill the goblin!
You barely miss the goblin. You grab the goblin. You constrict the goblin.
The goblin hits you with a +0 club.
* * * LOW HITPOINT WARNING * * *
HP[-3]
You take 3 damage, and now have 5/27 hp.
You hit the goblin. You squeeze the goblin.
You kill the goblin!
You completely miss the endoplasm. The endoplasm hits you.
* * * LOW HITPOINT WARNING * * *
HP[-3] MP[+1]
You take 3 damage, and now have 2/27 hp.
You hit the endoplasm but do no damage. You squeeze the endoplasm.
The endoplasm hits you.
You die...

Skill      XL: |  1  2  3 |
---------------+----------+-----
Stealth        | 3 4 |  4.7
Poison Magic   | 4 |  4.9
Dodging        | |  2.0
Spellcasting   | |  2.0
Transmutations | |  1.0

Action                   |  1- 3 |  4- 6 || total
-------------------------+-------+-------++-------
Melee: Unarmed           |     8 |       ||     8
       Tentacles         |    13 |     6 ||    19
       Constrict         |    15 |     5 ||    20
       Club              |    10 |       ||    10
       Dagger            |    43 |    23 ||    66
       Punch             |     3 |     1 ||     4
 Cast: Sting             |     4 |       ||     4
       Poisonous Vapours |     2 |     2 ||     4
 Stab: Sleeping          |    14 |     4 ||    18
Armor: Skin              |     5 |     1 ||     6
Dodge: Dodged            |    33 |    17 ||    50

Levels and vault maps discovered:
D:1:      lemuel_arrival_rhombus, layout_loops_ring,
          chequers_ecumenical_altar_lobes, corner_web_ring, st_stairs_7
D:2:      layout_basic, serial_corexii_hall, chequers_hall_statues_wall_a,
          corexii_hall_statues_x
D:3:      layout_basic, lemuel_flame_loot_1, uniq_robin

Notes
Turn   | Place    | Note
-------+----------+-------------------------------------------
     0 | D:1      | zeratav the Octopode Venom Mage began the quest for the
                  | Orb.
     0 | D:1      | Reached XP level 1. HP: 11/11 MP: 3/3
     0 | D:1      | magus.rc [v1.9.6]
    30 | D:1      | Reached skill level 3 in Stealth
   168 | D:1      | Reached XP level 2. HP: 9/17 MP: 5/5
   171 | D:1      | Reached skill level 4 in Poison Magic
   903 | D:1      | Found a faded altar of an unknown god.
   907 | D:1      | Reached XP level 3. HP: 21/21 MP: 6/6
  1175 | D:2      | Reached skill level 4 in Stealth
  1336 | D:2      | Learned a level 2 spell: Poisonous Vapours
  1661 | D:2      | Reached XP level 4. HP: 23/27 MP: 7/7
  2134 | D:2      | Identified the +0 pair of gloves of Ciru {rPois rCorr
                  | Dex-5}
  2388 | D:3      | Noticed Robin
  2416 | D:3      | HP: 5/27 [goblin/+0 club[Robin] (3)]
  2418 | D:3      | HP: 2/27 [endoplasm (3)]
  2419 | D:3      | Slain by an endoplasm

Vanquished Creatures
  2 adders (D:2)
  3 dart slugs (D:1)
  6 bats
  2 endoplasms (D:1)
  A giant cockroach (D:1)
  8 goblins
  4 hobgoblins
  5 kobolds
  2 quokkas
  5 ball pythons
  2 frilled lizards (D:1)
  3 rats
43 creatures vanquished.

Table legend:
 A = Non-vault XP
 B = Vault XP
 C = Vault XP percentage of total XP
 D = Non-vault monster count
 E = Vault monster count
 F = Vault count percentage of total count
                 A         B        C        D         E       F
            +---------+---------+-------+---------+---------+-------
      Total |      91 |       8 |   8.1 |      38 |       5 |  11.6
            +---------+---------+-------+---------+---------+-------
        D:1 |      37 |       3 |   7.5 |      19 |       2 |   9.5
        D:2 |      47 |       0 |   0.0 |      15 |       0 |   0.0
        D:3 |       7 |       5 |  41.7 |       4 |       3 |  42.9
            +---------+---------+-------+---------+---------+-------

Illustrated notes

Table legend:
 A = Kills in this place as a percentage of kills in entire the game.
 B = Kills by you in this place as a percentage of kills by you in the entire game.
 C = Kills by friends in this place as a percentage of kills by friends in the entire game.
 D = Other kills in this place as a percentage of other kills in the entire game.
 E = Experience gained in this place as a percentage of experience gained in the entire game.
 F = Experience gained in this place divided by the number of levels of this place that you have seen.
                   A       B       C       D       E      F
               +-------+-------+-------+-------+-------+----------------------
         Total | 100.0 | 100.0 |   N/A |   N/A | 100.0 |  33.0
       Dungeon | 100.0 | 100.0 |   N/A |   N/A | 100.0 |  33.0
               +-------+-------+-------+-------+-------+----------------------

Table legend: (Time is in decaauts)
 A = Elapsed time spent in this place.
 B = Non-inter-level travel time spent in this place.
 C = Inter-level travel time spent in this place.
 D = Time resting spent in this place.
 E = Time spent auto-exploring this place.
 F = Levels seen in this place.
 G = Mean time per level.
                   A        B        C        D        E       F      G
               +--------+--------+--------+--------+--------+-----+--------+
         Total |   2420 |   2384 |     36 |      0 |   2077 |   3 |  806.7 |
       Dungeon |   2420 |   2384 |     36 |      0 |   2077 |   3 |  806.7 |
               +--------+--------+--------+--------+--------+-----+--------+

Top non-repeatable levels by time:
     D:1: 1173 daAuts
     D:2: 1102 daAuts
     D:3: 144 daAuts
